 Dungeon Crawl Stone Soup version 0.30.1-11-g7821555f0a (webtiles) character file.

Game seed: 15106040369176156623

3184 lonewolfV2 the Protected (level 10, -5/80 HPs)
             Began as a Formicid Fighter on Nov 15, 2023.
             Was a Believer of Qazlal.
             Slain by a fire elemental (9 damage)
             ... summoned by a deep elf pyromancer
             ... on level 8 of the Dungeon.
             The game lasted 00:11:53 (7662 turns).

lonewolfV2 the Protected (Formicid Fighter)         Turns: 7662, Time: 00:11:54

Health: -5/80      AC: 15    Str: 25    XL:     10   Next: 16%
Magic:  12/13      EV:  8    Int:  8    God:    Qazlal [**....]
Gold:   324        SH: 14    Dex: 19    Spells: 9/9 levels left

rFire   . . .        e - +1 battleaxe
rCold   . . .        k - +0 kite shield
rNeg    . . .        u - +0 chain mail
rPois   .            (helmet unavailable)
rElec   .            (no cloak)
rCorr   .            (no gloves)
SInv    +            (no boots)
Will    +....        (no amulet) Stlth
                     f - +4 ring of protection
HPRegen 0.33/turn    o - +6 ring of dexterity
MPRegen 0.13/turn

%: no passive effects
@: on fire, glowing
A: permanent stasis, dig shafts and tunnels, antennae 3, four strong arms
a: Dig, Shaft Self, Renounce Religion, Upheaval


You were on level 8 of the Dungeon.
You worshipped Qazlal.
Qazlal was pleased with you.
You visited 2 branches of the dungeon, and saw 9 of its levels.

You collected 324 gold pieces.

Inventory:

Hand Weapons
 e - a +1 battleaxe (weapon)
Missiles
 p - 2 throwing nets
Armour
 k - a +0 kite shield (worn)
 u - a +0 chain mail (worn)
Jewellery
 f - a +4 ring of protection (left hand)
 o - a +6 ring of dexterity (right hand)
Wands
 b - a wand of iceblast (2)
 s - a wand of acid (8)
Scrolls
 c - a scroll of identify
 h - 4 scrolls of vulnerability
Potions
 a - a potion of degeneration
 d - 2 potions of might
 g - 2 potions of lignification
 i - a potion of ambrosia
 j - a potion of flight {unknown}
 l - a potion of attraction
 m - 5 potions of heal wounds
 n - 2 potions of curing {unknown}
 q - a potion of cancellation {unknown}


   Skills:
 - Level 7.7 Fighting
 - Level 7.4 Axes
 - Level 8.3 Armour
 + Level 8.3 Shields
 * Level 4.2 Invocations


You had 9 spell levels left.
You didn't know any spells.
Your spell library contained the following spells:

 Spells                   Type           Power      Damage    Failure   Level
 Shock                    Conj/Air       0%         1d3       98%         1
 Lesser Beckoning         Tloc           0%         N/A       99%         2
 Gell's Gravitas          Tloc           0%         N/A       100%        3
 Teleport Other           Tloc           0%         N/A       100%        3
 Airstrike                Air            0%         2d(0-16)  100%        4
 Swiftness                Air            Unusable   N/A       N/A         3

Dungeon Overview and Level Annotations

Branches:
Dungeon (8/15)             Temple (1/1) D:4
   Lair: D:8-11

Altars:
Ashenzari
Elyvilon
Makhleb
Okawaru
Qazlal
Sif Muna
Uskayaw
Wu Jian
Zin
The Shining One

Portals:
Ossuary: D:8


Innate Abilities, Weirdness & Mutations

You cannot be hasted, slowed, berserked, paralysed or teleported.
You can dig through walls and to a lower floor.
You have a pair of large antennae on your head. (SInv)
Your four strong arms can wield two-handed weapons with a shield.


Message History

Qazlal accepts your kill.
A deep elf pyromancer comes into view. It is wielding a +0 long sword.
Items here: )) [ †.
The deep elf pyromancer casts a spell.
The deep elf pyromancer blinks!
You see here a bullfrog corpse.
Things that are here:
a +0 short sword; 7 poisoned darts
There is a sand-covered staircase, spattered with blood here.
You see here a howler monkey corpse.
You start resting.
A deep elf pyromancer is nearby!
The deep elf pyromancer casts a spell.
The deep elf pyromancer points at you and mumbles some strange words.
The bolt of fire hits you!
You see here a bullfrog corpse.
The deep elf pyromancer mumbles some strange words.
Items here: )) [ †.
The deep elf pyromancer points at you and mumbles some strange words.
The sticky flame hits you!
You are covered in liquid flames!
The fire elemental completely misses you.
You slash the deep elf pyromancer!
The deep elf pyromancer is heavily wounded.
You slash the fire elemental!
You are covered in liquid flames!
* * * LOW HITPOINT WARNING * * *
You block the fire elemental's attack.
The deep elf pyromancer gestures at you while chanting.
The sticky flame hits you but does no damage.
You are covered in liquid flames!
The fire elemental hits you. The fire elemental burns you!
* * * LOW HITPOINT WARNING * * *
The deep elf pyromancer mumbles some strange words.
The deep elf pyromancer blinks!
You barely miss the fire elemental. You slash the fire elemental!
You are covered in liquid flames!
* * * LOW HITPOINT WARNING * * *
The fire elemental hits you. The fire elemental burns you!
You die...

....# .....######
.
..........####..
................
...............#
#............
#○E....!.. .###
##E##......
....#####.@#
....#
........8E)# ..h.
.........)..# .h.
........8.∩.8# ..
..............# #
............8.e#
......(....).####
.............#
.............#


You could see a deep elf pyromancer and 3 fire elementals.

Vanquished Creatures
  Grinder (D:3)
  Sigmund (D:5)
  A wyvern (D:6)
  3 ice beasts
  A centaur (D:8)
  2 ogres
  A phantom (D:3)
  Blork the orc (D:4)
  A necrophage (D:5)
  2 kobold brigands
  4 bullfrogs
  A scorpion (D:7)
  9 wights
  A killer bee (D:8)
  3 howler monkeys (D:8)
  A jelly (D:6)
  3 hounds
  2 orc priests (D:6)
  2 sleepcaps
  A gnoll bouda (D:6)
  5 iguanas
  Natasha (twice) (D:3)
  A hound skeleton (D:5)
  Robin (D:3)
  5 adders
  23 gnolls
  A shadow imp (D:7)
  An ufetubus (D:5)
  3 worms (D:2)
  3 dart slugs
  22 orcs
  4 ball pythons
  5 endoplasms
  6 giant cockroaches
  15 goblins
  6 hobgoblins
  10 jackals
  14 kobolds
  7 quokkas
  6 bats
  3 frilled lizards
  7 rats
191 creatures vanquished.

Notes
Turn   | Place    | Note
-------+----------+-------------------------------------------
     0 | D:1      | lonewolfV2 the Formicid Fighter began the quest for the
                  | Orb.
     0 | D:1      | Reached XP level 1. HP: 18/18 MP: 1/1
    82 | D:1      | Reached XP level 2. HP: 12/24 MP: 2/2
   212 | D:1      | Reached XP level 3. HP: 30/30 MP: 3/3
  1061 | D:1      | Reached XP level 4. HP: 28/37 MP: 4/4
  1242 | D:2      | Reached XP level 5. HP: 28/42 MP: 5/5
  1519 | D:2      | Found a hide-covered altar of Uskayaw.
  2024 | D:3      | Reached XP level 6. HP: 49/49 MP: 6/6
  2072 | D:3      | Noticed Grinder
  2107 | D:3      | Killed Grinder
  2108 | D:3      | Reached skill level 5 in Fighting
  2108 | D:3      | Reached skill level 5 in Axes
  2108 | D:3      | Reached XP level 7. HP: 37/57 MP: 7/7
  2325 | D:3      | Noticed Robin
  2334 | D:3      | Killed Robin
  2532 | D:3      | Noticed Natasha
  2539 | D:3      | Killed Natasha
  2734 | D:3      | Noticed Natasha
  2739 | D:3      | Killed Natasha
  2923 | D:4      | Noticed Blork the orc
  2936 | D:4      | Killed Blork the orc
  3118 | D:4      | Reached XP level 8. HP: 19/65 MP: 8/8
  3125 | D:4      | HP: 2/65 [gnoll/+4 halberd (12)]
  3656 | D:4      | Found a staircase to the Ecumenical Temple.
  3672 | Temple   | Entered the Ecumenical Temple
  3698 | Temple   | Became a worshipper of Qazlal Stormbringer
  3934 | D:5      | Entered Level 5 of the Dungeon
  4318 | D:5      | Found a burning altar of Makhleb.
  4347 | D:5      | Noticed Sigmund
  4361 | D:5      | Killed Sigmund
  5468 | D:6      | Reached skill level 5 in Shields
  5468 | D:6      | Reached XP level 9. HP: 30/69 MP: 9/9
  5705 | D:6      | Reached skill level 5 in Armour
  5927 | D:6      | Reached * piety under Qazlal
  6460 | D:6      | Found an iron altar of Okawaru.
  6650 | D:7      | Found a white marble altar of Elyvilon.
  6807 | D:7      | HP: 3/73 [ice beast (11)]
  7365 | D:7      | Reached ** piety under Qazlal
  7603 | D:8      | Found a sand-covered staircase.
  7637 | D:8      | Reached skill level 1 in Invocations
  7641 | D:8      | Reached XP level 10. HP: 72/80 MP: 9/11
  7650 | D:8      | Noticed a deep elf pyromancer
  7662 | D:8      | HP: 4/80 [burnt (9)]
  7662 | D:8      | Slain by a fire elemental

Illustrated notes

Levels and vault maps discovered:
D:1:      scummos_arrival_forest, layout_loops_corners, amcnicky_mini_pool_small
D:2:      layout_rooms, basic_altar, minmay_misc_feat_doors
D:3:      layout_loops_cross, uniq_robin, uniq_grinder, uniq_natasha
D:4:      layout_loops_ring, minmay_temple_entry_glassed_door,
          uniq_blork_the_orc
D:5:      nicolae_cairo_tiling_large, layout_gridville,
          makhleb_blood_cavern_becter, gup_sewer_entry_spiral, uniq_sigmund
D:6:      layout_cave_pools, okawaru_trees_1
D:7:      layout_rooms, elyvilon_altar_1, corexii_leaking_fountain
D:8:      cheibrodos_fzero, layout_cave_pods, nicolae_ossuary_entry_monument
Temple:   nicolae_temple_superstar

Skill      XL: |  1  2  3  4  5  6  7  8  9 10 |
---------------+-------------------------------+-----
Axes           | 3 4 5 6 7 |  7.4
Fighting       | 4 5 6 7 |  7.7
Armour         | 4 8 |  8.3
Shields        | 5 7 8 |  8.3
Invocations    | 1 4 |  4.2

Action                     |  1- 3 |  4- 6 |  7- 9 | 10-12 || total
---------------------------+-------+-------+-------+-------++-------
  Melee: Battleaxe         |    82 |   121 |   317 |    10 ||   530
    Use: Scroll            |     2 |     3 |    10 |       ||    15
 Armour: Scale mail        |    55 |    48 |    86 |       ||   189
         Chain mail        |       |       |    89 |    17 ||   106
  Dodge: Dodged            |    52 |    64 |   124 |     4 ||   244
  Block: Buckler           |    27 |     9 |       |       ||    36
         Kite shield       |       |    42 |   213 |    21 ||   276
